 Dungeon Crawl Stone Soup version 0.30-a0-553-g7fabdf1491 (webtiles) character file.

Game seed: 11392673708519001556

5003 arthad the Geomancer (level 10, -19/50 HPs)
             Began as a Gargoyle Earth Elementalist on Dec 26, 2022.
             Was an Initiate of Gozag.
             Demolished by a two-headed ogre
             ... wielding a +0 giant club
              (28 damage)
             ... on level 9 of the Dungeon.
             The game lasted 00:23:51 (9195 turns).

arthad the Geomancer (Gargoyle Earth Elementalist)  Turns: 9195, Time: 00:23:51

Health: -19/50     AC: 12    Str: 18    XL:     10   Next: 54%
Magic:  7/19       EV: 13    Int: 20    God:    Gozag
Gold:   525        SH:  0    Dex: 10    Spells: 13/21 levels left

rFire   + . .      SeeInvis .    r - staff of earth
rCold   + . .      Faith    .    (no shield)
rNeg    + . .      Spirit   .    a - +0 robe
rPois   ∞          Reflect  .    y - +0 helmet
rElec   +          Harm     .    w - scarf {rC+ rF+}
rCorr   .          Rampage  .    c - +1 pair of gloves
Will    .....                    (no boots)
Stlth   ++++                     (no amulet)
HPRegen 0.28/turn                A - +6 ring of strength
MPRegen 0.16/turn                q - ring of flight

@: gold aura, flying
A: sickness immunity, AC +7, negative energy resistance 1, electricity
resistance, torment resistance 1, petrification resistance
a: Renounce Religion, Potion Petition, Call Merchant, Bribe Branch


You were on level 9 of the Dungeon.
You worshipped Gozag.
Gozag was pleased with you.
You visited 2 branches of the dungeon, and saw 10 of its levels.
You also visited: Bailey.

You collected 1053 gold pieces.
You spent 396 gold pieces at shops.
You paid 132 gold pieces to Gozag.

Inventory:

Hand Weapons
 o - a +3 quarterstaff of chaos
 s - a +2 flail of holy wrath
 B - a +1 broad axe
 C - a +0 rapier
 H - a +2 great sword of draining
 L - a +2 antimagic halberd
Missiles
 j - 5 javelins
 Q - a curare-tipped dart
 R - 6 poisoned darts
Armour
 a - a +0 robe (worn)
 c - a +1 pair of gloves (worn)
 w - a scarf of resistance (worn)
 y - a +0 helmet (worn)
 F - a +0 cloak
 G - a +4 scale mail
 I - a +0 tower shield of poison resistance
 J - a +0 crystal plate armour
Magical Staves
 r - a staff of earth (weapon)
Jewellery
 q - a ring of flight (right hand)
 v - a ring of protection from fire
 A - a +6 ring of strength (left hand)
 M - a ring of resist corrosion
Wands
 n - a wand of iceblast (9)
 p - a wand of digging (8)
 K - a wand of flame (13)
Scrolls
 d - 3 scrolls of fog
 e - 3 scrolls of fear
 g - 2 scrolls of poison
 h - 7 scrolls of teleportation
 k - a scroll of enchant weapon
 t - 2 scrolls of vulnerability
 x - a scroll of blinking
 D - a scroll of amnesia
 N - a scroll of noise
 P - 2 scrolls of identify
Potions
 b - a potion of magic
 f - 6 potions of curing
 i - 2 potions of lignification
 l - a potion of might
 u - 3 potions of heal wounds
 z - 3 potions of brilliance {unknown}
 E - a potion of ambrosia {unknown}
 O - a potion of attraction {unknown}


   Skills:
 + Level 4.0 Armour
 + Level 4.2 Dodging
 * Level 8.4 Stealth
 * Level 6.4 Spellcasting
 * Level 6.4 Conjurations
 + Level 3.8 Transmutations
 * Level 8.9 Earth Magic


You had 13 spell levels left.
You knew the following spells:

 Your Spells              Type           Power      Damage    Failure   Level
a - Sandblast             Erth           100%       2d20      1%          1
b - Stone Arrow           Conj/Erth      100%       3d13      1%          3
c - Petrify               Tmut/Erth      48%        N/A       7%          4

Your spell library contained the following spells:

 Spells                   Type           Power      Damage    Failure   Level
 Beastly Appendage        Tmut           42%        N/A       1%          1
 Passwall                 Tmut/Erth      40%        N/A       1%          2
 Shock                    Conj/Air       76%        1d7       2%          1
 Wereblood                Tmut           21%        N/A       3%          2
 Hailstorm                Conj/Ice       19%        3d6       8%          3
 Freeze                   Ice            24%        1d4       10%         1
 Necrotise                Necr           24%        1d5       10%         1
 Spider Form              Tmut/Pois      14%        N/A       14%         3
 Frozen Ramparts          Ice            12%        1d2       30%         3
 Swiftness                Air            6%         N/A       30%         3
 Vampiric Draining        Necr           6%         2d6       30%         3
 Airstrike                Air            3%         2d(1-17)  69%         4
 Agony                    Necr           6%         N/A       95%         5


Dungeon Overview and Level Annotations

Branches:
Dungeon (9/15)             Temple (1/1) D:7          Bailey (visited)
   Lair: D:8-11         Orc: D:9-12

Altars:
Ashenzari
Dithmenos
Elyvilon
Fedhas
Gozag
Hepliaklqana
Kikubaaqudgha
Makhleb
Nemelex Xobeh
Okawaru
Qazlal
Ru
Sif Muna
Trog
Uskayaw
Vehumet
Yredelemnul
Zin

Shops:
D:3 [   D:4 *   D:6 :

Annotations:
D:8 3 runed translucent doors, kurumiz's ghost, novice MiGl


Innate Abilities, Weirdness & Mutations

You are immune to sickness and miasma.
Your stone body is resilient. (AC +7)
You are immune to poison.
You resist negative energy. (rN+)
You are resistant to electric shocks. (rElec)
You are resistant to unholy torment.
You are immune to petrification.


Message History

The yak bellows!
The yak misses you.
Aiming: Charm
Press: ? - help, Shift-Dir - straight line, f/p - yak
Aim: a yak (chance to affect: 49%)
The yak resists with some effort.
The now-empty wand crumbles to dust.
The yak gores you but does no damage.
Casting: Sandblast (safe; 1% risk of failure)
Confirm with . or Enter, or press ? or * to list all spells.
Aiming: Stone Arrow (safe; 1% risk of failure)
Press: ? - help, Shift-Dir - straight line, f - two-headed ogre, p - yak
Aim: a two-headed ogre, wielding a +0 giant club and a +0 giant spiked club (89% to hit)
You feel a surge of power!
The stone arrow hits the yak!!
The yak is severely wounded.
The yak gores you!
Casting: Stone Arrow (safe; 1% risk of failure)
Confirm with . or Enter, or press ? or * to list all spells.
Aiming: Stone Arrow (safe; 1% risk of failure)
Press: ? - help, Shift-Dir - straight line, f/p - two-headed ogre
Aim: a two-headed ogre, wielding a +0 giant club and a +0 giant spiked club (89% to hit)
You feel a surge of power!
The stone arrow hits the yak!!
You kill the yak!
The yak is no longer distracted by gold.
The yak is distracted by your dazzling golden aura.
Casting: Stone Arrow (safe; 1% risk of failure)
Confirm with . or Enter, or press ? or * to list all spells.
Aiming: Stone Arrow (safe; 1% risk of failure)
Press: ? - help, Shift-Dir - straight line, f - yak, p - two-headed ogre
Aim: a yak (almost dead, unaware, hasn't noticed you, 87% to hit)
You feel a surge of power!
The stone arrow hits the two-headed ogre!
The two-headed ogre is moderately wounded.
The yak bellows!
The two-headed ogre hits you with a +0 giant club!!
Ouch! That really hurt!
* * * LOW HITPOINT WARNING * * *
The two-headed ogre hits you with a +0 giant spiked club!!
Ouch! That really hurt!
You die...
Your body crumbles into a pile of gold.

# #.# #######.#####
# #.# ..##
.#######.# # . ..#
.... .........#####
. .. #...
..............
##..##.##.#####.####
..... # #.# Y.. #.#
#O# #.#
#@###########.#
#.............#
###############


You could see a two-headed ogre and a yak.

Vanquished Creatures
  Grinder (D:4)
  2 hornets
  Sigmund (D:6)
  5 yaks (D:9)
  3 steam dragons (D:8)
  2 water moccasins
  2 ice beasts
  6 orc warriors (Bailey)
  An ogre (D:5)
  2 centaurs
  2 phantoms
  A kobold brigand (D:9)
  3 bullfrogs (D:7)
  2 necrophages
  4 wights (D:9)
  3 howler monkeys
  Crazy Yiuf (D:7)
  4 hounds
  An orc priest (D:7)
  3 jellies
  A gnoll bouda (D:7)
  10 orc wizards
  An iguana (D:5)
  Robin (D:4)
  10 gnolls
  8 adders
  A shadow imp (D:5)
  A white imp (D:5)
  2 ufetubi (D:5)
  2 worms
  2 dart slugs
  33 orcs
  9 ball pythons
  7 bats
  5 endoplasms
  2 giant cockroaches
  14 goblins
  14 hobgoblins
  5 quokkas
  4 frilled lizards
  10 kobolds
  9 rats
200 creatures vanquished.

Vanquished Creatures (collateral kills)
  A yak (D:9)
  An orc warrior (Bailey)
2 creatures vanquished.

Vanquished Creatures (others)
  A yak (D:9)
  An orc (D:7)
  A plant (D:8)
3 creatures vanquished.

Grand Total: 205 creatures vanquished

Notes
Turn   | Place    | Note
-------+----------+-------------------------------------------
     0 | D:1      | arthad the Gargoyle Earth Elementalist began the quest for
                  | the Orb.
     0 | D:1      | Reached XP level 1. HP: 10/10 MP: 3/3
   280 | D:1      | Reached XP level 2. HP: 15/15 MP: 3/5
   967 | D:2      | Reached skill level 1 in Transmutations
   967 | D:2      | Reached XP level 3. HP: 8/19 MP: 3/6
  1116 | D:2      | Reached XP level 4. HP: 24/24 MP: 3/7
  2125 | D:3      | Reached XP level 5. HP: 28/28 MP: 5/9
  2259 | D:3      | Learned a level 3 spell: Stone Arrow
  2264 | D:3      | Learned a level 4 spell: Petrify
  2337 | D:3      | Found Acvihire's Armour Shop.
  3106 | D:4      | Reached skill level 5 in Earth Magic
  3154 | D:4      | Reached XP level 6. HP: 32/32 MP: 6/10
  3372 | D:4      | Found Urilisau's Assorted Antiques.
  3388 | D:4      | Bought a scroll labelled QOIMUO ZIUTE for 34 gold pieces
  3388 | D:4      | Bought a fuming coppery potion for 30 gold pieces
  3388 | D:4      | Bought a scroll labelled FUNOG GOYBEXA for 34 gold pieces
  3388 | D:4      | Bought a scroll labelled COSOESHRUUN for 34 gold pieces
  3388 | D:4      | Bought a scroll labelled CAZ JOGERI for 34 gold pieces
  3388 | D:4      | Bought a silvery potion for 30 gold pieces
  3448 | D:4      | Found a sparkling altar of Nemelex Xobeh.
  3523 | D:4      | Reached skill level 1 in Conjurations
  3648 | D:4      | Noticed Robin
  3829 | D:4      | Noticed Grinder
  3838 | D:4      | Killed Grinder
  3839 | D:4      | Reached skill level 5 in Stealth
  3839 | D:4      | Reached XP level 7. HP: 34/36 MP: 6/12
  4070 | D:4      | Killed Robin
  4105 | D:5      | Entered Level 5 of the Dungeon
  4291 | D:5      | Reached XP level 8. HP: 40/41 MP: 10/14
  4376 | D:5      | Reached skill level 1 in Armour
  4952 | D:6      | Found Asteorep's Tremendous Tomes.
  5072 | D:6      | Found a burning altar of Makhleb.
  5547 | D:6      | Noticed Sigmund
  5550 | D:6      | Killed Sigmund
  5675 | D:7      | Reached skill level 5 in Spellcasting
  5729 | D:7      | Reached XP level 9. HP: 38/45 MP: 11/16
  6267 | D:7      | Found a broken altar of Ashenzari.
  6298 | D:7      | Found a staircase to the Ecumenical Temple.
  6376 | Temple   | Entered the Ecumenical Temple
  6542 | Temple   | Became a worshipper of Gozag Ym Sagoz the Greedy
  6663 | D:4      | Bought a fizzy ruby potion for 30 gold pieces
  6830 | D:7      | Found a runed translucent door.
  6831 | D:7      | Noticed Crazy Yiuf
  6940 | D:7      | Killed Crazy Yiuf
  7068 | D:8      | Reached skill level 5 in Conjurations
  7079 | D:8      | Found a flagged portal.
  7114 | Bailey   | Entered a bailey
  7700 | D:8      | Noticed a hornet
  7949 | D:8      | Reached XP level 10. HP: 50/50 MP: 16/18
  8056 | D:8      | Found a runed translucent gate.
  8056 | D:8      | Identified the +1 chain mail "Kakes" {-Tele +Inv rF+ rCorr}
  8057 | D:8      | Found a runed translucent gate.
  8059 | D:8      | Found a runed translucent gate.
  8059 | D:8      | Noticed kurumiz's ghost (novice MiGl)
  8192 | D:4      | Bought a gilded ring for 170 gold pieces
  8274 | D:9      | Found a hazy altar of Hepliaklqana.
  8358 | D:9      | Noticed a two-headed ogre
  8734 | D:9      | Found a blossoming altar of Fedhas.
  8742 | D:9      | Found a sacrificial altar of Ru.
  9195 | D:9      | Demolished by a two-headed ogre

Illustrated notes

Levels and vault maps discovered:
D:1:      dpeg_arrival_rhombi, layout_basic
D:2:      wad_crossroads, layout_loops_ring, amcnicky_mini_pool_small
D:3:      layout_loops_cross, serial_shops, nicolae_shop_trees
D:4:      layout_basic, nemelex_diamond_rough_becter, serial_shops,
          nicolae_stop_n_shop_2, uniq_grinder, uniq_robin
D:5:      layout_rooms
D:6:      layout_loops_corners, makhleb_heckhound_becter,
          nicolae_shop_i_like_big_books, uniq_sigmund
D:7:      layout_basic, old_standard_altar, minmay_temple_entry_poolview,
          serial_glass, glass_columns_a, glass_columns_a, sigmund_army,
          uniq_crazy_yiuf_cottage
D:8:      layout_cave_pools, enter_bailey_4, biasface_ghost_orc_armoury,
          st_stairs_5, serial_bayou_pond_a, minmay_misc_feat_hallway
D:9:      layout_loops_ring, overflow_temple_1_default,
          mainiacjoe_overflow_large_starburst
Temple:   minmay_temple_bridge_abc

Skill      XL: |  1  2  3  4  5  6  7  8  9 10 |
---------------+-------------------------------+-----
Earth Magic    | 4 5 6 7 8 |  8.9
Transmutations | 1 2 3 |  3.8
Stealth        | 3 4 5 6 7 8 |  8.4
Dodging        | 2 3 4 |  4.2
Spellcasting   | 3 4 5 6 |  6.4
Conjurations   | 2 4 5 6 |  6.4
Armour         | 2 3 4 |  4.0

Action                   |  1- 3 |  4- 6 |  7- 9 | 10-12 || total
-------------------------+-------+-------+-------+-------++-------
Melee: Unarmed           |     1 |     7 |       |       ||     8
       Staff             |       |       |     1 |       ||     1
       Punch             |       |       |     1 |       ||     1
 Cast: Sandblast         |    34 |   111 |   141 |    51 ||   337
       Stone Arrow       |       |       |     4 |     4 ||     8
Evoke: Wand              |       |       |    10 |     3 ||    13
  Use: Scroll            |       |     1 |    15 |       ||    16
Armor: Robe              |     3 |    28 |    22 |     4 ||    57
Dodge: Dodged            |    13 |    52 |    23 |    12 ||   100

Table legend: (Time is in decaauts)
 A = Elapsed time spent in this place.
 B = Non-inter-level travel time spent in this place.
 C = Inter-level travel time spent in this place.
 D = Time resting spent in this place.
 E = Time spent auto-exploring this place.
 F = Levels seen in this place.
 G = Mean time per level.
                   A        B        C        D        E       F      G
               +--------+--------+--------+--------+--------+-----+--------+
         Total |   9371 |   8735 |    636 |    655 |   6396 |  11 |  851.9 |
       Dungeon |   8665 |   8073 |    592 |    487 |   6159 |   9 |  962.8 |
        Temple |    186 |    143 |     43 |      0 |    129 |   1 |  186.0 |
        Bailey |    519 |    519 |      0 |    168 |    108 |   1 |  519.0 |
               +--------+--------+--------+--------+--------+-----+--------+

Top non-repeatable levels by time:
     D:2: 1376 daAuts
     D:4: 1154 daAuts
     D:7: 1041 daAuts
     D:6: 1013 daAuts
     D:1: 872 daAuts
     D:9: 852 daAuts
     D:3: 847 daAuts
     D:8: 777 daAuts
     D:5: 729 daAuts
  Bailey: 519 daAuts
  Temple: 186 daAuts
